AoeStats
← FrankSinatrap

Arabia

510186750Analyzed
1v1 RM · 3d ago on Sep 29, 2026· 57m 0s· 2 players
Game mode
Random Map
Map size
Tiny (2 player)
Population
200
Speed
Normal
Resources
Standard
Victory
Conquest
Starting age
Dark Age
Ending age
Imperial Age
RankedLock teamsTeams togetherTeam positionsShared explorationLock speedFull tech treeHidden civsTurbo modeCheats
Victory
Defeat
🇺🇸 Danes · United States
1393
+14
🇲🇽 Malay · Mexico
1351
-14
FrankSinatrap
7:24 Loom
9:45 Feudal Age
10:27 Double-Bit Axe
15:19 Fletching
21:47 Castle Age
20:42 Gold Mining
21:04 Padded Archer Armor
20:48 Crossbowman
21:44 Bodkin Arrow
22:37 Padded Archer Armor
32:51 Wheelbarrow
32:02 Town Watch
39:52 Imperial Age
39:02 Gold Shaft Mining
39:15 Ballistics
39:38 Bracer
41:37 Chemistry
42:21 Thumb Ring
45:09 Arbalester
SilentFox
7:02 Loom
9:28 Feudal Age
10:10 Double-Bit Axe
10:08 Horse Collar
9:50 Man-at-Arms
13:25 Arson
17:19 Fletching
17:47 Padded Archer Armor
18:13 Scale Mail Armor
23:31 Castle Age
22:23 Forging
23:46 Wheelbarrow
24:28 Bodkin Arrow
24:49 Leather Archer Armor
24:33 Long Swordsman
25:31 Chain Mail Armor
24:58 Elite Skirmisher
25:44 Gambesons
25:59 Squires
27:48 Iron Casting
30:33 Hand Cart
31:16 Bow Saw
40:47 Imperial Age
38:08 Hamask
39:10 Town Watch
40:51 Capped Ram
40:56 Two-Handed Swordsman
41:44 Thumb Ring
42:36 Conscription
41:55 Champion
43:12 Bracer
43:04 Capped Ram
44:18 Ring Archer Armor
47:10 Elite Jomsviking
48:10 Conscription
50:25 Blast Furnace
52:43 Plate Mail Armor
53:39 Scale Barding Armor
54:25 Bloodlines
54:16 Husbandry
53:36 Light Cavalry
57:23 Chain Barding Armor
Connection lost

Rejoining the realm…

Still unreachable

The connection could not be restored.

Session expired

The server has moved on; the page needs a fresh start.